Penguins vs Jets (R2)

Created - 23 avril 2014 at 22:53

Goals
1 2 3 T
Penguins 0 2 2 4
Jets 3 0 3 6
Shots
1 2 3 T
Penguins 8 13 6 27
Jets 6 7 11 24

1st period

1. Jets , Eric Brewer 1 (Derek Roy, Jussi Jokinen) at 13:48 (PP)
2. Jets , Jason Allison 4 (Daniel Alfredsson, Benoit Pouliot) at 16:04 (PP)
3. Jets , Kyle Wellwood 4 (Roman Hamrlik) at 19:25

Penalties :
Brad Isbister (Pit) for Tripping (Minor) at 0:56, Michal Rozsival (Win) for Hooking (Minor) at 4:10, Benoit Pouliot (Win) for Cross-checking (Minor) at 9:59, Ted Purcell (Pit) for Goalie Interference (Minor) at 13:04, Steven Stamkos (Pit) for Delaying the game (Minor) at 15:52, Eric Brewer (Win) for Holding (Minor) at 17:10

2nd period

4. Penguins , Steven Reinprecht 2 (Brooks Orpik) at 4:25
5. Penguins , Ted Purcell 4 (Tyler Ennis, Steven Stamkos) at 9:10 (PP)

Penalties :
Eric Godard (Pit) for Roughing (Minor) at 6:30, Mike Commodore (Win) for Interference (Minor) at 8:55, Kristian Huselius (Win) for Hooking (Minor) at 15:23, Daniel Alfredsson (Win) for Roughing (Minor) at 15:38

3rd period

6. Jets , Miroslav Satan 2 (Eric Brewer) at 4:44
7. Jets , Daniel Alfredsson 4 (Jussi Jokinen) at 5:14
8. Jets , Tuomo Ruutu 1 (Kristian Huselius, Kyle Wellwood) at 10:50
9. Penguins , Ryan Kesler 3 (Darren Reid) at 16:53
10. Penguins , Steven Stamkos 3 (Tom Preissing) at 19:31

Penalties :
Taylor Pyatt (Pit) for Hooking (Minor) at 2:30, Jason Allison (Win) for Tripping (Minor) at 5:00, Tom Preissing (Pit) for Holding (Minor) at 5:06, Kristian Huselius (Win) for High sticking (Minor) at 8:32, Tom Preissing (Pit) for Holding Stick (Minor) at 11:07, Dmitri Kalinin (Win) for Fighting (Major) at 13:36, Jay McKee (Pit) for Fighting (Major) at 13:36, Michal Rozsival (Win) for Hooking (Minor) at 13:59, Fredrik Sjostrom (Win) for Fighting (Major) at 16:49, Steve Staios (Pit) for Fighting (Major) at 16:49, Sheldon Souray (Pit) for Hooking (Minor) at 16:59, Darren Reid (Pit) for Interference (Minor) at 18:34, Kyle Wellwood (Win) for High sticking (Minor) at 19:23

Goalie Stats

Brian Elliott (Pit), 11 saves from 15 shots - (0,733), 44:44 minutes
Ondrej Pavelec (Pit), 7 saves from 9 shots - (0,778), L, 0-1-0, 15:16 minutes
Maxime Daigneault (Win), 23 saves from 27 shots - (0,852), W, 3-1-1, 60:00 minutes

Players Stats for Penguins

Player Name              G  A  P  +/- PIM S  H  SB GA TA FO     MP     PP MP  PK MP  
------------------------------------------------------------------------------------
Brad Isbister            0  0  0  -1  2   0  1  1  0  0  0/0    11:49   0:05   3:08 
Brooks Orpik             0  1  1   0  0   1  0  0  0  0  0/0    19:18   0:10   5:40 
Darren Reid              0  1  1   1  2   1  0  0  1  0  0/0    19:26   6:53   2:49 
Denis Arkhipov           0  0  0   0  0   5  0  0  0  0  5/7     8:14   0:00   1:43 
Eric Boulton             0  0  0   0  0   2  1  0  0  1  0/0     7:06   0:00   1:14 
Eric Godard              0  0  0  -1  2   0  3  0  0  0  0/0     8:25   0:05   0:06 
Jay McKee                0  0  0  -1  5   0  3  0  0  0  0/0    14:08   0:05   3:51 
Marc-Édouard Vlasic      0  0  0   0  0   0  2  1  0  1  0/0    18:03   5:02   0:27 
Raffi Torres             0  0  0   0  0   2  1  0  0  0  0/0     6:45   0:00   0:14 
Ryan Kesler              1  0  1   1  0   3  2  0  0  1  19/40  24:46   6:53   6:43 
Sheldon Souray           0  0  0   0  2   0  0  0  0  0  0/0    13:53   5:02   1:27 
Steve Staios             0  0  0  -2  5   0  1  1  0  0  0/0    27:58   7:23   5:26 
Steven Reinprecht        1  0  1  -1  0   2  2  1  0  0  0/3    14:10   0:00   6:23 
Steven Stamkos           1  1  2  -1  2   7  3  1  1  0  3/16   17:09   5:32   0:00 
Taylor Pyatt             0  0  0   1  2   0  1  0  0  0  2/3    16:19   6:53   0:00 
Ted Purcell              1  0  1  -1  2   2  1  0  0  0  0/0    15:40   5:32   0:06 
Tom Preissing            0  1  1   1  4   1  4  5  0  3  0/0    27:06   7:22   5:48 
Tyler Ennis              0  1  1  -1  0   1  2  0  0  0  1/1    15:21   5:32   0:00 

Players Stats for Jets

Player Name              G  A  P  +/- PIM S  H  SB GA TA FO     MP     PP MP  PK MP  
------------------------------------------------------------------------------------
Adam Burish              0  0  0  -1  0   0  2  0  1  1  1/1    14:14   0:00   3:15 
Benoit Pouliot           0  1  1   0  2   2  0  0  0  0  0/3    16:33   5:39   1:17 
Daniel Alfredsson        1  1  2   1  2   3  2  0  0  0  3/3    21:39   5:39   5:55 
Derek Roy                0  1  1  -1  0   3  0  0  2  0  15/28  19:51   5:43   2:28 
Dmitri Kalinin           0  0  0  -1  5   0  1  1  0  0  0/0    22:47   5:02   5:21 
Eric Brewer              1  1  2   1  2   1  3  2  0  0  0/0    27:49   5:33   5:37 
Fredrik Sjostrom         0  0  0   1  5   0  0  0  0  0  0/0     5:14   0:00   0:07 
Greg Campbell            0  0  0   1  0   2  1  0  0  0  3/3     9:50   0:00   4:08 
Jason Allison            1  0  1  -1  2   2  2  1  0  0  15/24  21:05   5:39   5:54 
Jussi Jokinen            0  2  2  -1  0   5  2  0  0  0  0/2    18:21   5:43   0:00 
Kristian Huselius        0  1  1   1  4   2  0  0  0  0  0/0     8:24   0:00   0:11 
Kyle Wellwood            1  1  2   1  2   1  0  0  0  0  2/5    14:05   5:42   0:00 
Marek Zidlicky           0  0  0   1  0   0  0  2  0  0  0/0    17:06   6:08   2:12 
Michal Rozsival          0  0  0   0  4   0  1  1  1  0  0/0    27:01   6:01   4:31 
Mike Commodore           0  0  0   0  2   0  0  1  1  1  0/0    17:41   0:00   6:41 
Miroslav Satan           1  0  1   1  0   1  0  0  0  0  1/1     5:08   0:00   0:00 
Roman Hamrlik            0  1  1   1  0   1  1  0  0  0  0/0     8:05   0:00   0:38 
Tuomo Ruutu              1  0  1   1  0   1  0  0  1  0  0/0     8:12   0:00   0:00 

3 Stars

1 - Eric Brewer (Win)
2 - Daniel Alfredsson (Win)
3 - Ryan Kesler (Pit)

Power Play

Penguins - 1 on 10 Attempt(s) - 10,00%
Jets - 2 on 9 Attempt(s) - 22,22%

Penalty Kill

Penguins - 7 on 9 Attempt(s) - 77,78% - Score 0 goal in Penalty Kill
Jets - 9 on 10 Attempt(s) - 90,00% - Score 0 goal in Penalty Kill

Official

Referees : Jackson Dave and Leggo Mike
Linesman : Shane Heyer and Andy McElman

Game Notes

Ondrej Pavelec enters game at 4:44 of 3rd period
Dmitri Kalinin and Jay McKee fight to a draw at 13:36 of 3rd period
Steve Staios beats up Fredrik Sjostrom at 16:49 of 3rd period

Finance

Level 1 -- Attendance: 6000 (100,00%) -- Ticket Income 576 000 $
Level 2 -- Attendance: 4629 (92,58%) -- Ticket Income 273 111 $
Level 3 -- Attendance: 2000 (100,00%) -- Ticket Income 70 000 $
Level 4 -- Attendance: 3562 (89,05%) -- Ticket Income 96 174 $
Luxury Box -- Attendance: 968 (96,80%) -- Ticket Income 181 016 $
Game was played at the MTS Center
Total Attendance: 17159 (95,33%)
Total Ticket Income: 1 196 301 $
Other Income: 179 445 $
Total Income: 1 375 746 $

Penguins

5 vs 5 Forward 
   Center                   Left Wing                Right Wing               Time % Phy DF OF 
 1 Ryan Kesler              Taylor Pyatt             Darren Reid              40     1   2  2  
 2 Steven Stamkos           Tyler Ennis              Ted Purcell              35     1   2  2  
 3 Steven Reinprecht        Brad Isbister            Eric Godard              15     1   2  2  
 4 Denis Arkhipov           Eric Boulton             Raffi Torres             10     1   2  2  

5 vs 5 Defense 
   Defense                  Defense                                           Time % Phy DF OF 
 1 Steve Staios             Tom Preissing                                     40     1   2  2  
 2 Marc-Édouard Vlasic      Brooks Orpik                                      35     1   2  2  
 3 Jay McKee                Sheldon Souray                                    15     1   2  2  
 4 Steve Staios             Tom Preissing                                     10     1   2  2  

PowerPlay Forward 
   Center                   Left Wing                Right Wing               Time % Phy DF OF 
 1 Ryan Kesler              Taylor Pyatt             Darren Reid              60     1   1  3  
 2 Steven Stamkos           Tyler Ennis              Ted Purcell              40     1   1  3  

PowerPlay Defense
   Defense                  Defense                                           Time % Phy DF OF 
 1 Steve Staios             Tom Preissing                                     60     1   1  3  
 2 Sheldon Souray           Marc-Édouard Vlasic                               40     1   1  3  

Penalty Kill 4 Players Forward 
   Center                   Wing                     Time % Phy DF OF 
 1 Ryan Kesler              Steven Reinprecht        60     1   2  2  
 2 Darren Reid              Brad Isbister            40     1   2  2  

Penalty Kill 4 Players Defense
   Defense                  Defense                  Time % Phy DF OF 
 1 Steve Staios             Tom Preissing            60     1   2  2  
 2 Jay McKee                Brooks Orpik             40     1   2  2  

Penalty Kill - 3 Players Forward 
   Forward                                           Time % Phy DF OF 
 1 Ryan Kesler                                       60     1   2  2  
 2 Steven Stamkos                                    40     1   2  2  

Penalty Kill - 3 Players Defense
   Defense                  Defense                  Time % Phy DF OF 
 1 Steve Staios             Tom Preissing            60     1   2  2  
 2 Jay McKee                Brooks Orpik             40     1   2  2  

4 vs 4 Forward 
   Center                   Wing                     Time % Phy DF OF 
 1 Steven Stamkos           Ryan Kesler              60     1   2  2  
 2 Darren Reid              Taylor Pyatt             40     1   2  2  

4 vs 4 Defense
   Defense                  Defense                  Time % Phy DF OF 
 1 Steve Staios             Tom Preissing            60     1   2  2  
 2 Marc-Édouard Vlasic      Brooks Orpik             40     1   2  2  

Last Minutes Offensive
   Center                   Left Wing                Right Wing               Defense                  Defense                  
   Ryan Kesler              Taylor Pyatt             Darren Reid              Steve Staios             Marc-Édouard Vlasic      

Last Minutes Defensive
   Center                   Left Wing                Right Wing               Defense                  Defense                  
   Ryan Kesler              Taylor Pyatt             Raffi Torres             Steve Staios             Tom Preissing            

Goaltenders
Starting : Brian Elliott            
Backup : Ondrej Pavelec           

Extra Forwards
Normal : Ted Purcell, Eric Godard, Steven Stamkos - PP : Ted Purcell, Eric Godard - PK : Steven Reinprecht
Extra Defensemen
Normal : Jay McKee, Sheldon Souray, Brooks Orpik - PP : Jay McKee - PK : Sheldon Souray, Brooks Orpik
Penalty Shots
Tyler Ennis, Ryan Kesler, Darren Reid, Taylor Pyatt, Steven Stamkos

Jets

5 vs 5 Forward 
   Center                   Left Wing                Right Wing               Time % Phy DF OF 
 1 Derek Roy                Jussi Jokinen            Adam Burish              37     1   2  2  
 2 Jason Allison            Benoit Pouliot           Daniel Alfredsson        34     1   2  2  
 3 Kyle Wellwood            Kristian Huselius        Tuomo Ruutu              19     1   2  2  
 4 Greg Campbell            Fredrik Sjostrom         Miroslav Satan           10     1   2  2  

5 vs 5 Defense 
   Defense                  Defense                                           Time % Phy DF OF 
 1 Michal Rozsival          Eric Brewer                                       40     2   2  1  
 2 Dmitri Kalinin           Mike Commodore                                    30     2   2  1  
 3 Roman Hamrlik            Marek Zidlicky                                    20     2   2  1  
 4 Marek Zidlicky           Dmitri Kalinin                                    10     2   2  1  

PowerPlay Forward 
   Center                   Left Wing                Right Wing               Time % Phy DF OF 
 1 Jason Allison            Benoit Pouliot           Daniel Alfredsson        60     0   0  5  
 2 Derek Roy                Jussi Jokinen            Kyle Wellwood            40     0   0  5  

PowerPlay Defense
   Defense                  Defense                                           Time % Phy DF OF 
 1 Michal Rozsival          Eric Brewer                                       50     0   1  4  
 2 Dmitri Kalinin           Marek Zidlicky                                    50     0   1  4  

Penalty Kill 4 Players Forward 
   Center                   Wing                     Time % Phy DF OF 
 1 Jason Allison            Daniel Alfredsson        60     0   4  1  
 2 Greg Campbell            Adam Burish              40     0   4  1  

Penalty Kill 4 Players Defense
   Defense                  Defense                  Time % Phy DF OF 
 1 Eric Brewer              Mike Commodore           60     0   5  0  
 2 Michal Rozsival          Dmitri Kalinin           40     0   5  0  

Penalty Kill - 3 Players Forward 
   Forward                                           Time % Phy DF OF 
 1 Daniel Alfredsson                                 60     0   5  0  
 2 Jason Allison                                     40     0   5  0  

Penalty Kill - 3 Players Defense
   Defense                  Defense                  Time % Phy DF OF 
 1 Mike Commodore           Michal Rozsival          60     0   5  0  
 2 Eric Brewer              Dmitri Kalinin           40     0   5  0  

4 vs 4 Forward 
   Center                   Wing                     Time % Phy DF OF 
 1 Jason Allison            Jussi Jokinen            60     1   2  2  
 2 Derek Roy                Daniel Alfredsson        40     1   2  2  

4 vs 4 Defense
   Defense                  Defense                  Time % Phy DF OF 
 1 Michal Rozsival          Eric Brewer              60     1   3  1  
 2 Marek Zidlicky           Dmitri Kalinin           40     1   3  1  

Last Minutes Offensive
   Center                   Left Wing                Right Wing               Defense                  Defense                  
   Jason Allison            Benoit Pouliot           Daniel Alfredsson        Michal Rozsival          Eric Brewer              

Last Minutes Defensive
   Center                   Left Wing                Right Wing               Defense                  Defense                  
   Greg Campbell            Daniel Alfredsson        Adam Burish              Eric Brewer              Mike Commodore           

Goaltenders
Starting : Maxime Daigneault        
Backup : Ilya Bryzgalov           

Extra Forwards
Normal : Jason Allison, Daniel Alfredsson, Jussi Jokinen - PP : Jason Allison, Daniel Alfredsson - PK : Daniel Alfredsson
Extra Defensemen
Normal : Mike Commodore, Michal Rozsival, Eric Brewer - PP : Michal Rozsival - PK : Dmitri Kalinin, Michal Rozsival
Penalty Shots
Adam Burish, Tuomo Ruutu, Daniel Alfredsson, Jason Allison, Derek Roy

% Time on Ice - Penguins

Lines # - Real PCT - Wanted PCT - Time Play
Normal Forward
1 - 30% - 40% - 10:14
2 - 30% - 35% - 10:09
3 - 22% - 15% - 7:24
4 - 17% - 10% - 5:52
Normal Defense
1 - 42% - 40% - 14:18
2 - 39% - 35% - 13:06
3 - 19% - 15% - 6:15
4 - 0% - 10% - 0:00
PP Forward
1 - 56% - 60% - 6:58
2 - 44% - 40% - 5:32
PP Defense
1 - 60% - 60% - 7:28
2 - 40% - 40% - 5:02
PK Forward
1 - 74% - 60% - 8:08
2 - 26% - 40% - 2:50
PK Defense
1 - 68% - 60% - 7:26
2 - 32% - 40% - 3:32
PK3 Forward
1 - 100% - 60% - 0:24
2 - 0% - 40% - 0:00
PK3 Defense
1 - 100% - 60% - 0:24
2 - 0% - 40% - 0:00
44 Forward
1 - 83% - 60% - 2:03
2 - 17% - 40% - 0:26
44 Defense
1 - 78% - 60% - 1:56
2 - 22% - 40% - 0:33
Last Minute Offensive  - 0:00
Last Minute Defensive  - 0:00
Total
Forward - 60:00
Defense - 60:00

% Time on Ice - Jets

Lines # - Real PCT - Wanted PCT - Time Play
Normal Forward
1 - 32% - 37% - 10:55
2 - 28% - 34% - 9:24
3 - 24% - 19% - 8:12
4 - 15% - 10% - 5:08
Normal Defense
1 - 44% - 40% - 14:43
2 - 32% - 30% - 10:54
3 - 21% - 20% - 7:04
4 - 3% - 10% - 0:58
PP Forward
1 - 50% - 60% - 5:39
2 - 50% - 40% - 5:43
PP Defense
1 - 46% - 50% - 5:14
2 - 54% - 50% - 6:08
PK Forward
1 - 70% - 60% - 7:31
2 - 30% - 40% - 3:15
PK Defense
1 - 56% - 60% - 6:02
2 - 44% - 40% - 4:44
PK3 Forward
1 - 100% - 60% - 1:44
2 - 0% - 40% - 0:00
PK3 Defense
1 - 56% - 60% - 0:58
2 - 44% - 40% - 0:46
44 Forward
1 - 100% - 60% - 2:29
2 - 0% - 40% - 0:00
44 Defense
1 - 79% - 60% - 1:57
2 - 21% - 40% - 0:32
Last Minute Offensive  - 0:00
Last Minute Defensive  - 0:00
Total
Forward - 60:00
Defense - 60:00

Play by Play

1st period


0:01 of 1st period - Ryan Kesler wins face-off versus Derek Roy in neutral zone.
0:10 of 1st period - Wrist shot by Darren Reid.
0:10 of 1st period - Deflect By Taylor Pyatt.
0:10 of 1st period - Shot Misses the Net.
0:10 of 1st period - Puck is out of play.
0:11 of 1st period - Jason Allison wins face-off versus Steven Stamkos in Jets zone.
0:56 of 1st period - Minor Penalty to Brad Isbister for Tripping.
0:57 of 1st period - Ryan Kesler wins face-off versus Jason Allison in Penguins zone.
1:22 of 1st period - Kyle Wellwood is hit by Tom Preissing and loses puck.
1:48 of 1st period - Steven Reinprecht is hit by Daniel Alfredsson and loses puck.
2:56 of 1st period - Penalty to Brad Isbister is over, Brad Isbister is back on ice.
3:09 of 1st period - Marek Zidlicky is hit by Jay McKee and loses puck.
3:32 of 1st period - Backhand shot by Raffi Torres.
3:32 of 1st period - Stopped by Maxime Daigneault with a rebound.
3:34 of 1st period - Slapshot by Brooks Orpik.
3:34 of 1st period - Deflect By Fredrik Sjostrom.
3:34 of 1st period - Stopped by Maxime Daigneault without a rebound.
3:35 of 1st period - Derek Roy wins face-off versus Steven Stamkos in Jets zone.
3:44 of 1st period - Snap shot by Derek Roy.
3:44 of 1st period - Shot Blocked by Tom Preissing.
3:50 of 1st period - Michal Rozsival is hit by Tom Preissing and loses puck.
4:10 of 1st period - Minor Penalty to Michal Rozsival for Hooking.
4:11 of 1st period - Jason Allison wins face-off versus Ryan Kesler in Jets zone.
4:46 of 1st period - Slapshot by Steven Stamkos.
4:46 of 1st period - Shot Misses the Net.
6:10 of 1st period - Penalty to Michal Rozsival is over, Michal Rozsival is back on ice.
7:11 of 1st period - Daniel Alfredsson is hit by Eric Godard and loses puck.
7:44 of 1st period - Tuomo Ruutu is hit by Jay McKee and loses puck.
9:06 of 1st period - Ryan Kesler is hit by Jason Allison and loses puck.
9:21 of 1st period - Wrist shot by Kristian Huselius.
9:21 of 1st period - Stopped by Brian Elliott with a rebound.
9:38 of 1st period - Ted Purcell is hit by Jussi Jokinen and loses puck.
9:53 of 1st period - Michal Rozsival is hit by Steven Reinprecht and loses puck.
9:59 of 1st period - Minor Penalty to Benoit Pouliot for Cross-checking.
10:00 of 1st period - Jason Allison wins face-off versus Ryan Kesler in Jets zone.
10:40 of 1st period - Snap shot by Steven Stamkos.
10:40 of 1st period - Stopped by Maxime Daigneault without a rebound.
10:41 of 1st period - Steven Stamkos wins face-off versus Jason Allison in Jets zone.
10:56 of 1st period - Wrist shot by Tyler Ennis.
10:56 of 1st period - Shot Misses the Net.
11:59 of 1st period - Penalty to Benoit Pouliot is over, Benoit Pouliot is back on ice.
12:26 of 1st period - Marek Zidlicky is hit by Raffi Torres and loses puck.
12:43 of 1st period - Snap shot by Tyler Ennis.
12:43 of 1st period - Stopped by Maxime Daigneault without a rebound.
12:44 of 1st period - Greg Campbell wins face-off versus Steven Stamkos in Jets zone.
12:52 of 1st period - Michal Rozsival is hit by Marc-Édouard Vlasic.
13:02 of 1st period - Wrist shot by Greg Campbell.
13:02 of 1st period - Shot Misses the Net.
13:04 of 1st period - Minor Penalty to Ted Purcell for Goalie Interference.
13:05 of 1st period - Jason Allison wins face-off versus Ryan Kesler in Penguins zone.
13:33 of 1st period - Icing by Kyle Wellwood.
13:34 of 1st period - Ryan Kesler wins face-off versus Jussi Jokinen in Jets zone.
13:44 of 1st period - Snap shot by Jussi Jokinen.
13:44 of 1st period - Shot Blocked by Steven Reinprecht.
13:46 of 1st period - Snap shot by Derek Roy.
13:46 of 1st period - Shot Blocked by Tom Preissing.
13:48 of 1st period - Slapshot by Eric Brewer.
13:48 of 1st period - Deflect By Steve Staios.
13:48 of 1st period - Goal by Eric Brewer - Penguins : 0 - Jets : 1.
13:49 of 1st period - Derek Roy wins face-off versus Ryan Kesler in neutral zone.
13:54 of 1st period - Slapshot by Jussi Jokinen.
13:54 of 1st period - Stopped by Brian Elliott with a rebound.
14:02 of 1st period - Tom Preissing is hit by Adam Burish and loses puck.
14:15 of 1st period - Steve Staios is hit by Eric Brewer and loses puck.
14:49 of 1st period - Snap shot by Steven Reinprecht.
14:49 of 1st period - Stopped by Maxime Daigneault with a rebound.
15:27 of 1st period - Wrist shot by Denis Arkhipov.
15:27 of 1st period - Stopped by Maxime Daigneault with a rebound.
15:29 of 1st period - Snap shot by Eric Boulton.
15:29 of 1st period - Stopped by Maxime Daigneault without a rebound.
15:30 of 1st period - Jason Allison wins face-off versus Steven Stamkos in Jets zone.
15:30 of 1st period - Jason Allison is hit by Steve Staios.
15:46 of 1st period - Slapshot by Daniel Alfredsson.
15:46 of 1st period - Shot Misses the Net.
15:52 of 1st period - Minor Penalty to Steven Stamkos for Delaying the game.
15:53 of 1st period - Jason Allison wins face-off versus Ryan Kesler in Penguins zone.
15:54 of 1st period - Wrist shot by Benoit Pouliot.
15:54 of 1st period - Shot Misses the Net.
15:58 of 1st period - Slapshot by Daniel Alfredsson.
15:58 of 1st period - Shot Blocked by Tom Preissing.
16:00 of 1st period - Slapshot by Jason Allison.
16:00 of 1st period - Shot Blocked by Steve Staios.
16:04 of 1st period - Backhand shot by Jason Allison.
16:04 of 1st period - Goal by Jason Allison - Penguins : 0 - Jets : 2.
16:05 of 1st period - Derek Roy wins face-off versus Ryan Kesler in neutral zone.
16:12 of 1st period - Wrist shot by Adam Burish.
16:12 of 1st period - Shot Hit the Post.
16:57 of 1st period - Snap shot by Denis Arkhipov.
16:57 of 1st period - Deflect By Eric Boulton.
16:57 of 1st period - Stopped by Maxime Daigneault without a rebound.
16:58 of 1st period - Denis Arkhipov wins face-off versus Kyle Wellwood in Jets zone.
17:10 of 1st period - Minor Penalty to Eric Brewer for Holding.
17:11 of 1st period - Ryan Kesler wins face-off versus Jason Allison in Jets zone.
17:19 of 1st period - Wrist shot by Darren Reid.
17:19 of 1st period - Shot Blocked by Mike Commodore.
17:21 of 1st period - Slapshot by Tom Preissing.
17:21 of 1st period - Shot Misses the Net.
17:23 of 1st period - Slapshot by Ryan Kesler.
17:23 of 1st period - Deflect By Taylor Pyatt.
17:23 of 1st period - Shot Misses the Net.
17:23 of 1st period - Puck is out of play.
17:24 of 1st period - Jason Allison wins face-off versus Ryan Kesler in Jets zone.
18:06 of 1st period - Snap shot by Greg Campbell.
18:06 of 1st period - Shot Misses the Net.
18:43 of 1st period - Michal Rozsival is hit by Tyler Ennis and loses puck.
19:10 of 1st period - Penalty to Eric Brewer is over, Eric Brewer is back on ice.
19:18 of 1st period - Steven Reinprecht is hit by Roman Hamrlik and loses puck.
19:25 of 1st period - Snap shot by Kyle Wellwood.
19:25 of 1st period - Goal by Kyle Wellwood - Penguins : 0 - Jets : 3.
19:26 of 1st period - Steven Stamkos wins face-off versus Derek Roy in neutral zone.
19:36 of 1st period - Off-side.
19:37 of 1st period - Ryan Kesler wins face-off versus Derek Roy in neutral zone.
19:50 of 1st period - Snap shot by Derek Roy.
19:50 of 1st period - Stopped by Brian Elliott without a rebound.
19:51 of 1st period - Ryan Kesler wins face-off versus Jason Allison in Penguins zone.
Goals for this period are 0 for Penguins vs 3 for Jets.
Shots for this period are 8 for Penguins vs 6 for Jets.

2nd period


0:01 of 2nd period - Derek Roy wins face-off versus Ryan Kesler in neutral zone.
0:04 of 2nd period - Taylor Pyatt is hit by Eric Brewer and loses puck.
0:25 of 2nd period - Benoit Pouliot is hit by Steven Reinprecht and loses puck.
0:58 of 2nd period - Slapshot by Steven Stamkos.
0:58 of 2nd period - Stopped by Maxime Daigneault without a rebound.
0:59 of 2nd period - Derek Roy wins face-off versus Ryan Kesler in Jets zone.
1:45 of 2nd period - Snap shot by Denis Arkhipov.
1:45 of 2nd period - Stopped by Maxime Daigneault without a rebound.
1:46 of 2nd period - Denis Arkhipov wins face-off versus Kyle Wellwood in Jets zone.
1:49 of 2nd period - Snap shot by Denis Arkhipov.
1:49 of 2nd period - Shot Misses the Net.
1:51 of 2nd period - Slapshot by Brooks Orpik.
1:51 of 2nd period - Deflect By Denis Arkhipov.
1:51 of 2nd period - Stopped by Maxime Daigneault with a rebound.
2:11 of 2nd period - Snap shot by Steven Stamkos.
2:11 of 2nd period - Shot Misses the Net.
2:17 of 2nd period - Snap shot by Steven Stamkos.
2:17 of 2nd period - Stopped by Maxime Daigneault with a rebound.
2:19 of 2nd period - Snap shot by Ted Purcell.
2:19 of 2nd period - Stopped by Maxime Daigneault without a rebound.
2:20 of 2nd period - Ryan Kesler wins face-off versus Derek Roy in Jets zone.
2:50 of 2nd period - Wrist shot by Jason Allison.
2:50 of 2nd period - Shot Misses the Net.
2:52 of 2nd period - Wrist shot by Benoit Pouliot.
2:52 of 2nd period - Stopped by Brian Elliott with a rebound.
2:54 of 2nd period - Wrist shot by Jason Allison.
2:54 of 2nd period - Stopped by Brian Elliott with a rebound.
2:56 of 2nd period - Slapshot by Jason Allison.
2:56 of 2nd period - Shot Misses the Net.
3:12 of 2nd period - Mike Commodore is hit by Eric Godard and loses puck.
3:30 of 2nd period - Slapshot by Marek Zidlicky.
3:30 of 2nd period - Deflect By Tuomo Ruutu.
3:30 of 2nd period - Shot Blocked by Marc-Édouard Vlasic.
3:30 of 2nd period - Puck is out of play.
3:31 of 2nd period - Adam Burish wins face-off versus Ryan Kesler in Penguins zone.
3:32 of 2nd period - Wrist shot by Derek Roy.
3:32 of 2nd period - Stopped by Brian Elliott without a rebound.
3:33 of 2nd period - Ryan Kesler wins face-off versus Derek Roy in Penguins zone.
3:49 of 2nd period - Wrist shot by Darren Reid.
3:49 of 2nd period - Shot Misses the Net.
3:59 of 2nd period - Slapshot by Dmitri Kalinin.
3:59 of 2nd period - Shot Misses the Net.
4:18 of 2nd period - Dmitri Kalinin is hit by Brad Isbister.
4:19 of 2nd period - Icing by Dmitri Kalinin.
4:20 of 2nd period - Kyle Wellwood wins face-off versus Steven Reinprecht in Jets zone.
4:25 of 2nd period - Wrist shot by Steven Reinprecht.
4:25 of 2nd period - Goal by Steven Reinprecht - Penguins : 1 - Jets : 3.
4:26 of 2nd period - Derek Roy wins face-off versus Ryan Kesler in neutral zone.
4:53 of 2nd period - Jason Allison is hit by Tom Preissing and loses puck.
5:21 of 2nd period - Dmitri Kalinin is hit by Eric Boulton and loses puck.
5:27 of 2nd period - Off-side.
5:28 of 2nd period - Derek Roy wins face-off versus Taylor Pyatt in neutral zone.
5:43 of 2nd period - Wrist shot by Jussi Jokinen.
5:43 of 2nd period - Stopped by Brian Elliott with a rebound.
5:53 of 2nd period - Mike Commodore is hit by Steven Stamkos and loses puck.
6:18 of 2nd period - Slapshot by Greg Campbell.
6:18 of 2nd period - Shot Blocked by Brad Isbister.
6:30 of 2nd period - Minor Penalty to Eric Godard for Roughing.
6:31 of 2nd period - Jason Allison wins face-off versus Ryan Kesler in Penguins zone.
6:46 of 2nd period - Steven Reinprecht is hit by Jason Allison and loses puck.
8:30 of 2nd period - Penalty to Eric Godard is over, Eric Godard is back on ice.
8:40 of 2nd period - Jay McKee is hit by Greg Campbell.
8:52 of 2nd period - Slapshot by Ryan Kesler.
8:52 of 2nd period - Deflect By Greg Campbell.
8:52 of 2nd period - Shot Blocked by Marek Zidlicky.
8:52 of 2nd period - Puck is out of play.
8:53 of 2nd period - Miroslav Satan wins face-off versus Steven Stamkos in Jets zone.
8:55 of 2nd period - Minor Penalty to Mike Commodore for Interference.
8:56 of 2nd period - Jason Allison wins face-off versus Steven Stamkos in Jets zone.
9:06 of 2nd period - Wrist shot by Steven Stamkos.
9:06 of 2nd period - Shot Misses the Net.
9:08 of 2nd period - Snap shot by Tyler Ennis.
9:08 of 2nd period - Shot Misses the Net.
9:10 of 2nd period - Snap shot by Ted Purcell.
9:10 of 2nd period - Goal by Ted Purcell - Penguins : 2 - Jets : 3.
9:11 of 2nd period - Ryan Kesler wins face-off versus Derek Roy in neutral zone.
9:22 of 2nd period - Snap shot by Taylor Pyatt.
9:22 of 2nd period - Shot Misses the Net.
10:01 of 2nd period - Slapshot by Denis Arkhipov.
10:01 of 2nd period - Stopped by Maxime Daigneault without a rebound.
10:02 of 2nd period - Denis Arkhipov wins face-off versus Kyle Wellwood in Jets zone.
10:03 of 2nd period - Wrist shot by Eric Boulton.
10:03 of 2nd period - Shot Misses the Net.
10:09 of 2nd period - Slapshot by Raffi Torres.
10:09 of 2nd period - Shot Blocked by Marek Zidlicky.
10:38 of 2nd period - Snap shot by Raffi Torres.
10:38 of 2nd period - Stopped by Maxime Daigneault without a rebound.
10:39 of 2nd period - Ryan Kesler wins face-off versus Derek Roy in Jets zone.
11:13 of 2nd period - Wrist shot by Steven Stamkos.
11:13 of 2nd period - Stopped by Maxime Daigneault without a rebound.
11:14 of 2nd period - Tyler Ennis wins face-off versus Derek Roy in Jets zone.
11:29 of 2nd period - Roman Hamrlik is hit by Steven Stamkos and loses puck.
12:14 of 2nd period - Snap shot by Marc-Édouard Vlasic.
12:14 of 2nd period - Shot Blocked by Eric Brewer.
12:16 of 2nd period - Wrist shot by Steven Reinprecht.
12:16 of 2nd period - Shot Misses the Net.
12:58 of 2nd period - Wrist shot by Tom Preissing.
12:58 of 2nd period - Stopped by Maxime Daigneault without a rebound.
12:59 of 2nd period - Ryan Kesler wins face-off versus Benoit Pouliot in Jets zone.
13:12 of 2nd period - Wrist shot by Darren Reid.
13:12 of 2nd period - Stopped by Maxime Daigneault with a rebound.
13:24 of 2nd period - Wrist shot by Jussi Jokinen.
13:24 of 2nd period - Shot Blocked by Steven Stamkos.
14:31 of 2nd period - Backhand shot by Ryan Kesler.
14:31 of 2nd period - Stopped by Maxime Daigneault with a rebound.
15:23 of 2nd period - Minor Penalty to Kristian Huselius for Hooking.
15:24 of 2nd period - Jason Allison wins face-off versus Ryan Kesler in Jets zone.
15:38 of 2nd period - Minor Penalty to Daniel Alfredsson for Roughing.
15:39 of 2nd period - Taylor Pyatt wins face-off versus Derek Roy in Jets zone.
16:05 of 2nd period - Michal Rozsival is hit by Ted Purcell and loses puck.
17:23 of 2nd period - Penalty to Kristian Huselius is over, Kristian Huselius is back on ice.
17:38 of 2nd period - Penalty to Daniel Alfredsson is over, Daniel Alfredsson is back on ice.
17:43 of 2nd period - Eric Brewer is hit by Marc-Édouard Vlasic and loses puck.
18:23 of 2nd period - Snap shot by Derek Roy.
18:23 of 2nd period - Shot Misses the Net.
18:46 of 2nd period - Wrist shot by Benoit Pouliot.
18:46 of 2nd period - Stopped by Brian Elliott with a rebound.
18:56 of 2nd period - Eric Brewer is hit by Tyler Ennis and loses puck.
19:19 of 2nd period - Wrist shot by Jussi Jokinen.
19:19 of 2nd period - Stopped by Brian Elliott without a rebound.
19:20 of 2nd period - Derek Roy wins face-off versus Steven Reinprecht in Penguins zone.
19:49 of 2nd period - Tyler Ennis is hit by Jussi Jokinen and loses puck.
19:58 of 2nd period - Snap shot by Derek Roy.
19:58 of 2nd period - Stopped by Brian Elliott without a rebound.
19:59 of 2nd period - Jason Allison wins face-off versus Ryan Kesler in Penguins zone.
Goals for this period are 2 for Penguins vs 0 for Jets.
Shots for this period are 13 for Penguins vs 7 for Jets.

3rd period


0:01 of 3rd period - Taylor Pyatt wins face-off versus Benoit Pouliot in neutral zone.
0:01 of 3rd period - Taylor Pyatt is hit by Michal Rozsival.
0:14 of 3rd period - Snap shot by Daniel Alfredsson.
0:14 of 3rd period - Stopped by Brian Elliott with a rebound.
0:36 of 3rd period - Snap shot by Adam Burish.
0:36 of 3rd period - Deflect By Jussi Jokinen.
0:36 of 3rd period - Shot Blocked by Tom Preissing.
0:36 of 3rd period - Puck is out of play.
0:37 of 3rd period - Steven Stamkos wins face-off versus Derek Roy in Penguins zone.
1:02 of 3rd period - Darren Reid is hit by Dmitri Kalinin and loses puck.
1:33 of 3rd period - Eric Boulton is hit by Daniel Alfredsson and loses puck.
2:11 of 3rd period - Jay McKee is hit by Eric Brewer.
2:17 of 3rd period - Slapshot by Steven Stamkos.
2:17 of 3rd period - Stopped by Maxime Daigneault without a rebound.
2:18 of 3rd period - Derek Roy wins face-off versus Ryan Kesler in Jets zone.
2:29 of 3rd period - Snap shot by Darren Reid.
2:29 of 3rd period - Shot Misses the Net.
2:30 of 3rd period - Minor Penalty to Taylor Pyatt for Hooking.
2:31 of 3rd period - Derek Roy wins face-off versus Ryan Kesler in Penguins zone.
3:35 of 3rd period - Michal Rozsival is hit by Ryan Kesler.
3:46 of 3rd period - Icing by Marek Zidlicky.
3:47 of 3rd period - Derek Roy wins face-off versus Denis Arkhipov in Jets zone.
4:26 of 3rd period - Snap shot by Ryan Kesler.
4:26 of 3rd period - Shot Misses the Net.
4:30 of 3rd period - Penalty to Taylor Pyatt is over, Taylor Pyatt is back on ice.
4:44 of 3rd period - Snap shot by Miroslav Satan.
4:44 of 3rd period - Goal by Miroslav Satan - Penguins : 2 - Jets : 4.
4:44 of 3rd period - Ondrej Pavelec enters game.
4:45 of 3rd period - Ryan Kesler wins face-off versus Jason Allison in neutral zone.
4:55 of 3rd period - Slapshot by Eric Brewer.
4:55 of 3rd period - Shot Blocked by Tom Preissing.
5:00 of 3rd period - Minor Penalty to Jason Allison for Tripping.
5:01 of 3rd period - Derek Roy wins face-off versus Ryan Kesler in Jets zone.
5:06 of 3rd period - Minor Penalty to Tom Preissing for Holding.
5:07 of 3rd period - Daniel Alfredsson wins face-off versus Steven Stamkos in Penguins zone.
5:12 of 3rd period - Snap shot by Jussi Jokinen.
5:12 of 3rd period - Shot Misses the Net.
5:14 of 3rd period - Wrist shot by Jussi Jokinen.
5:14 of 3rd period - Deflect By Daniel Alfredsson.
5:14 of 3rd period - Goal by Daniel Alfredsson - Penguins : 2 - Jets : 5.
5:15 of 3rd period - Daniel Alfredsson wins face-off versus Steven Stamkos in neutral zone.
5:23 of 3rd period - Snap shot by Steve Staios.
5:23 of 3rd period - Shot Misses the Net.
5:50 of 3rd period - Eric Brewer is hit by Ryan Kesler and loses puck.
6:16 of 3rd period - Icing by Marc-Édouard Vlasic.
6:17 of 3rd period - Derek Roy wins face-off versus Steven Stamkos in Penguins zone.
6:51 of 3rd period - Michal Rozsival is hit by Eric Godard.
7:00 of 3rd period - Penalty to Jason Allison is over, Jason Allison is back on ice.
7:06 of 3rd period - Penalty to Tom Preissing is over, Tom Preissing is back on ice.
8:19 of 3rd period - Off-side.
8:20 of 3rd period - Kyle Wellwood wins face-off versus Steven Reinprecht in neutral zone.
8:32 of 3rd period - Minor Penalty to Kristian Huselius for High sticking.
8:33 of 3rd period - Ryan Kesler wins face-off versus Jason Allison in Jets zone.
9:28 of 3rd period - Dmitri Kalinin is hit by Steven Stamkos and loses puck.
9:57 of 3rd period - Derek Roy is hit by Taylor Pyatt and loses puck.
10:32 of 3rd period - Penalty to Kristian Huselius is over, Kristian Huselius is back on ice.
10:50 of 3rd period - Snap shot by Tuomo Ruutu.
10:50 of 3rd period - Goal by Tuomo Ruutu - Penguins : 2 - Jets : 6.
10:51 of 3rd period - Derek Roy wins face-off versus Steven Stamkos in neutral zone.
11:00 of 3rd period - Snap shot by Derek Roy.
11:00 of 3rd period - Shot Misses the Net.
11:02 of 3rd period - Slapshot by Roman Hamrlik.
11:02 of 3rd period - Deflect By Tyler Ennis.
11:02 of 3rd period - Stopped by Ondrej Pavelec with a rebound.
11:04 of 3rd period - Wrist shot by Jussi Jokinen.
11:04 of 3rd period - Stopped by Ondrej Pavelec without a rebound.
11:05 of 3rd period - Ryan Kesler wins face-off versus Benoit Pouliot in Penguins zone.
11:07 of 3rd period - Minor Penalty to Tom Preissing for Holding Stick.
11:08 of 3rd period - Jason Allison wins face-off versus Ryan Kesler in Penguins zone.
11:08 of 3rd period - Snap shot by Daniel Alfredsson.
11:08 of 3rd period - Stopped by Ondrej Pavelec without a rebound.
11:09 of 3rd period - Ryan Kesler wins face-off versus Jason Allison in Penguins zone.
12:33 of 3rd period - Icing by Jussi Jokinen.
12:34 of 3rd period - Denis Arkhipov wins face-off versus Derek Roy in Jets zone.
12:37 of 3rd period - Slapshot by Jay McKee.
12:37 of 3rd period - Shot Blocked by Dmitri Kalinin.
13:07 of 3rd period - Penalty to Tom Preissing is over, Tom Preissing is back on ice.
13:23 of 3rd period - Wrist shot by Tom Preissing.
13:23 of 3rd period - Deflect By Brad Isbister.
13:23 of 3rd period - Deflect By Michal Rozsival.
13:23 of 3rd period - Shot Blocked by Michal Rozsival.
13:23 of 3rd period - Puck is out of play.
13:24 of 3rd period - Greg Campbell wins face-off versus Steven Stamkos in Jets zone.
13:24 of 3rd period - Greg Campbell is hit by Jay McKee.
13:34 of 3rd period - Slapshot by Dmitri Kalinin.
13:34 of 3rd period - Deflect By Greg Campbell.
13:34 of 3rd period - Stopped by Ondrej Pavelec with a rebound.
13:36 of 3rd period - Slapshot by Greg Campbell.
13:36 of 3rd period - Stopped by Ondrej Pavelec without a rebound.
13:36 of 3rd period - Dmitri Kalinin and Jay McKee fight to a draw.
13:36 of 3rd period - Penalty to Dmitri Kalinin for Fighting.
13:36 of 3rd period - Penalty to Jay McKee for Fighting.
13:37 of 3rd period - Ryan Kesler wins face-off versus Derek Roy in Penguins zone.
13:37 of 3rd period - Ryan Kesler is hit by Adam Burish.
13:47 of 3rd period - Wrist shot by Taylor Pyatt.
13:47 of 3rd period - Shot Blocked by Eric Brewer.
13:49 of 3rd period - Slapshot by Tom Preissing.
13:49 of 3rd period - Shot Misses the Net.
13:59 of 3rd period - Minor Penalty to Michal Rozsival for Hooking.
14:00 of 3rd period - Ryan Kesler wins face-off versus Jason Allison in Jets zone.
14:33 of 3rd period - Wrist shot by Steven Stamkos.
14:33 of 3rd period - Stopped by Maxime Daigneault with a rebound.
15:59 of 3rd period - Penalty to Michal Rozsival is over, Michal Rozsival is back on ice.
16:16 of 3rd period - Slapshot by Kristian Huselius.
16:16 of 3rd period - Stopped by Ondrej Pavelec with a rebound.
16:18 of 3rd period - Snap shot by Kyle Wellwood.
16:18 of 3rd period - Shot Misses the Net.
16:32 of 3rd period - Wrist shot by Raffi Torres.
16:32 of 3rd period - Deflect By Denis Arkhipov.
16:32 of 3rd period - Stopped by Maxime Daigneault without a rebound.
16:33 of 3rd period - Greg Campbell wins face-off versus Denis Arkhipov in Jets zone.
16:49 of 3rd period - Steve Staios beats up Fredrik Sjostrom.
16:49 of 3rd period - Penalty to Fredrik Sjostrom for Fighting.
16:49 of 3rd period - Penalty to Steve Staios for Fighting.
16:50 of 3rd period - Ryan Kesler wins face-off versus Derek Roy in Jets zone.
16:53 of 3rd period - Wrist shot by Ryan Kesler.
16:53 of 3rd period - Goal by Ryan Kesler - Penguins : 3 - Jets : 6.
16:54 of 3rd period - Derek Roy wins face-off versus Ryan Kesler in neutral zone.
16:57 of 3rd period - Snap shot by Jussi Jokinen.
16:57 of 3rd period - Stopped by Ondrej Pavelec with a rebound.
16:59 of 3rd period - Minor Penalty to Sheldon Souray for Hooking.
17:00 of 3rd period - Jason Allison wins face-off versus Ryan Kesler in Penguins zone.
17:48 of 3rd period - Icing by Daniel Alfredsson.
17:49 of 3rd period - Daniel Alfredsson wins face-off versus Ryan Kesler in Jets zone.
18:34 of 3rd period - Minor Penalty to Darren Reid for Interference.
18:35 of 3rd period - Ryan Kesler wins face-off versus Jason Allison in Penguins zone.
18:36 of 3rd period - Penalty to Jay McKee is over, Jay McKee is back on ice.
18:44 of 3rd period - Michal Rozsival is hit by Tom Preissing and loses puck.
18:59 of 3rd period - Penalty to Sheldon Souray is over, Sheldon Souray is back on ice.
19:11 of 3rd period - Icing by Kyle Wellwood.
19:12 of 3rd period - Denis Arkhipov wins face-off versus Jussi Jokinen in Jets zone.
19:23 of 3rd period - Minor Penalty to Kyle Wellwood for High sticking.
19:24 of 3rd period - Jason Allison wins face-off versus Steven Stamkos in Jets zone.
19:31 of 3rd period - Snap shot by Steven Stamkos.
19:31 of 3rd period - Goal by Steven Stamkos - Penguins : 4 - Jets : 6.
19:32 of 3rd period - Jason Allison wins face-off versus Steven Stamkos in neutral zone.
19:46 of 3rd period - Slapshot by Ryan Kesler.
19:46 of 3rd period - Stopped by Maxime Daigneault with a rebound.
19:48 of 3rd period - Slapshot by Ryan Kesler.
19:48 of 3rd period - Shot Blocked by Jason Allison.
Goals for this period are 2 for Penguins vs 3 for Jets.
Shots for this period are 6 for Penguins vs 11 for Jets.


Output by the SimonT Hockey Simulator (STHS) for François Prévost -- Original Page W3C XHTML 1.0 Valid
Hockey Simulator - Hockey Simulation - Hockey Manager